| TOP OF THE 1ST |
|
Colorado Rockies batting - Pitching for San Francisco Giants : RHP Casey Jones
|
|
Pitching: RHP Casey Jones
|
|
|
Batting: RHB Joel Haycock
|
0-0: Foul Ball, location: 2F 0-1: DOUBLE (Flyball, 8LXD, EV 92.5 MPH)
|
|
Batting: RHB Roberto Rodriguez
|
0-0: Called Strike 0-1: Foul Ball, location: 2F 0-2: Ball 1-2: Ball 2-2: Ground out 5-3 (Groundball, 56S, EV 90.0 MPH)
|
|
Batting: LHB Fabiano Perrolas
|
0-0: Swinging Strike 0-1: Foul Ball, location: 2F 0-2: Ball 1-2: Ground out 6-3 (Groundball, 6M, EV 108.1 MPH) Joel Haycock to third
|
|
Batting: RHB Jason Andrews
|
0-0: Called Strike 0-1: Swinging Strike 0-2: Strikes out swinging
|
| Top of the 1st over - 0 runs, 1 hit, 0 errors, 1 left on base; Colorado 0 - San Francisco 0 |
| BOTTOM OF THE 1ST |
|
San Francisco Giants batting - Pitching for Colorado Rockies : RHP Trey Price
|
|
Pitching: RHP Trey Price
|
|
|
Batting: SHB Ryan Doss
|
0-0: Called Strike 0-1: Ground out 1-3 (Groundball, 34S, EV 65.6 MPH)
|
|
Batting: RHB Nick Rigden
|
0-0: Foul Ball, location: 2F 0-1: Swinging Strike 0-2: Strikes out looking
|
|
Batting: LHB Jack Henningar
|
0-0: Called Strike 0-1: Called Strike 0-2: Ball 1-2: Ball 2-2: Ball 3-2: Base on Balls
|
|
Batting: LHB Willis Robles
|
0-0: Ball 1-0: Foul Ball, location: 2F 1-1: Ball 2-1: Foul Ball, location: 2F 2-2: Ball 3-2: Foul Ball, location: 2F 3-2: Foul Ball, location: 2F 3-2: Hit by Pitch Jack Henningar to second
|
|
Batting: RHB Jim Zucco
|
0-0: Ball 1-0: Swinging Strike 1-1: Foul Ball, location: 2F 1-2: Fly out, F8 (Line Drive, 8RD, EV 87.5 MPH)
|
| Bottom of the 1st over - 0 runs, 0 hits, 0 errors, 2 left on base; Colorado 0 - San Francisco 0 |
| TOP OF THE 2ND |
|
Colorado Rockies batting - Pitching for San Francisco Giants : RHP Casey Jones
|
|
Batting: SHB Chris Blue
|
0-0: SINGLE (Groundball, 3, EV 96.9 MPH)
|
|
Batting: RHB Rico Coss
|
0-0: Ball 1-0: Foul Ball, location: 2F 1-1: Swinging Strike 1-2: Ball 2-2: Fly out, F8 (Flyball, 8LM, EV 88.8 MPH)
|
|
Batting: LHB Robert Watson
|
0-0: Ball 1-0: Ball 2-0: Ball 3-0: Base on Balls Chris Blue to second
|
|
Batting: RHB Leo Mair
|
0-0: Called Strike Chris Blue steals 3rd base Robert Watson to second 0-1: Swinging Strike 0-2: Ball 1-2: Foul Ball, location: 2F 1-2: Ball 2-2: Fly out, F4 (Flyball, 34D, EV 77.5 MPH)
|
|
Batting: RHB Dennis Daniels
|
0-0: Called Strike 0-1: Ball 1-1: Ball 2-1: Ball 3-1: Swinging Strike 3-2: Fly out, F7 (Flyball, 78XD, EV 93.8 MPH)
|
| Top of the 2nd over - 0 runs, 1 hit, 0 errors, 2 left on base; Colorado 0 - San Francisco 0 |
| BOTTOM OF THE 2ND |
|
San Francisco Giants batting - Pitching for Colorado Rockies : RHP Trey Price
|
|
Batting: RHB Quintin Parker
|
0-0: Ball 1-0: Ball 2-0: Foul Ball, location: 2F 2-1: Fly out, F5 (Popup, 5SF, EV 77.5 MPH)
|
|
Batting: RHB Henri Cederberg
|
0-0: Called Strike 0-1: Ball 1-1: Ground out 6-3 (Groundball, 6, EV 102.5 MPH)
|
|
Batting: RHB Xavier Castellanos
|
0-0: Ball 1-0: Foul Ball, location: 2F 1-1: Ground out 5-3 (Groundball, 56, EV 90.6 MPH)
|
| Bottom of the 2nd over - 0 runs, 0 hits, 0 errors, 0 left on base; Colorado 0 - San Francisco 0 |
| TOP OF THE 3RD |
|
Colorado Rockies batting - Pitching for San Francisco Giants : RHP Casey Jones
|
|
Batting: RHB Joel Haycock
|
0-0: Swinging Strike 0-1: Fly out, F9 (Line Drive, 9, EV 98.8 MPH)
|
|
Batting: RHB Roberto Rodriguez
|
0-0: Called Strike 0-1: Ball 1-1: Foul Ball, location: 2F 1-2: Foul Ball, location: 2F 1-2: Fly out, F5 (Line Drive, 56, EV 82.5 MPH)
|
|
Batting: LHB Fabiano Perrolas
|
0-0: Ball 1-0: Ground out 5-3 (Groundball, 56, EV 78.1 MPH)
|
| Top of the 3rd over - 0 runs, 0 hits, 0 errors, 0 left on base; Colorado 0 - San Francisco 0 |
| BOTTOM OF THE 3RD |
|
San Francisco Giants batting - Pitching for Colorado Rockies : RHP Trey Price
|
|
Batting: SHB Bill Dooms
|
0-0: Swinging Strike 0-1: Foul Ball, location: 2F 0-2: Ball 1-2: Strikes out swinging
|
|
Batting: SHB Ryan Doss
|
0-0: SINGLE (Groundball, 3S, EV 68.8 MPH) (infield hit)
|
|
Batting: RHB Nick Rigden
|
0-0: Ball 1-0: Fly out, F9 (Flyball, 89S, EV 89.4 MPH)
|
|
Batting: LHB Jack Henningar
|
0-0: Foul Ball, location: 2F 0-1: Foul Ball, location: 2F 0-2: Fly out, F5 (Popup, 25, EV 84.4 MPH)
|
| Bottom of the 3rd over - 0 runs, 1 hit, 0 errors, 1 left on base; Colorado 0 - San Francisco 0 |
| TOP OF THE 4TH |
|
Colorado Rockies batting - Pitching for San Francisco Giants : RHP Casey Jones
|
|
Batting: RHB Jason Andrews
|
0-0: Ground out 6-3 (Groundball, 6, EV 87.5 MPH)
|
|
Batting: SHB Chris Blue
|
0-0: Ground out 4-3 (Groundball, 13, EV 82.5 MPH)
|
|
Batting: RHB Rico Coss
|
0-0: SINGLE (Groundball, 25, EV 75.6 MPH) (infield hit)
|
|
Batting: LHB Robert Watson
|
0-0: Called Strike 0-1: Ground out 4-3 (Groundball, 4S, EV 70.0 MPH)
|
| Top of the 4th over - 0 runs, 1 hit, 0 errors, 1 left on base; Colorado 0 - San Francisco 0 |
| BOTTOM OF THE 4TH |
|
San Francisco Giants batting - Pitching for Colorado Rockies : RHP Trey Price
|
|
Batting: LHB Willis Robles
|
0-0: Called Strike 0-1: Ball 1-1: Ball 2-1: Swinging Strike 2-2: Strikes out swinging
|
|
Batting: RHB Jim Zucco
|
0-0: SOLO HOME RUN (Flyball, 78XD, EV 110.6 MPH), Distance : 422 ft
|
|
Batting: RHB Quintin Parker
|
0-0: Called Strike 0-1: Called Strike 0-2: Foul Ball, location: 2F 0-2: Ball 1-2: Ground out 6-3 (Groundball, 6, EV 82.5 MPH)
|
|
Batting: RHB Henri Cederberg
|
0-0: Ball 1-0: Fly out, F7 (Line Drive, 7, EV 88.1 MPH)
|
| Bottom of the 4th over - 1 run, 1 hit, 0 errors, 0 left on base; Colorado 0 - San Francisco 1 |
| TOP OF THE 5TH |
|
Colorado Rockies batting - Pitching for San Francisco Giants : RHP Casey Jones
|
|
Batting: RHB Leo Mair
|
0-0: Swinging Strike 0-1: Ball 1-1: Foul Ball, location: 2F 1-2: SINGLE (Groundball, 56D, EV 95.6 MPH)
|
|
Batting: RHB Dennis Daniels
|
0-0: Ball 1-0: Swinging Strike 1-1: Ball 2-1: Called Strike 2-2: Ball 3-2: Strikes out looking
|
|
Batting: RHB Joel Haycock
|
0-0: Foul Ball, location: 2F 0-1: Called Strike 0-2: Ground out 5-3 (Groundball, 56S, EV 87.5 MPH) Leo Mair to second
|
|
Batting: RHB Roberto Rodriguez
|
0-0: Called Strike 0-1: SINGLE (Groundball, 56D, EV 95.6 MPH) Leo Mair to third Runner from 3rd tries for Home, SAFE, throw by LF to home
|
|
Batting: LHB Fabiano Perrolas
|
0-0: Ball 1-0: Ball 2-0: Called Strike 2-1: Swinging Strike 2-2: Strikes out swinging
|
| Top of the 5th over - 1 run, 2 hits, 0 errors, 1 left on base; Colorado 1 - San Francisco 1 |
| BOTTOM OF THE 5TH |
|
San Francisco Giants batting - Pitching for Colorado Rockies : RHP Trey Price
|
|
Batting: RHB Xavier Castellanos
|
0-0: Called Strike 0-1: Ball 1-1: Called Strike 1-2: Foul Ball, location: 2F 1-2: Ball 2-2: Ground out 3-1 (Groundball, 34, EV 76.9 MPH)
|
|
Batting: SHB Bill Dooms
|
0-0: Called Strike 0-1: SINGLE (Line Drive, 3D, EV 98.8 MPH)
|
|
Batting: SHB Ryan Doss
|
0-0: Ball Bill Dooms steals 2nd base (no throw) 1-0: Ball 2-0: Ball 3-0: Called Strike 3-1: Ground out U3 (Groundball, 3, EV 80.0 MPH) Bill Dooms to third
|
|
Batting: RHB Nick Rigden
|
0-0: Ball 1-0: Called Strike 1-1: Swinging Strike 1-2: Ball 2-2: Ground out 1-3 (Groundball, 15S, EV 66.2 MPH)
|
| Bottom of the 5th over - 0 runs, 1 hit, 0 errors, 1 left on base; Colorado 1 - San Francisco 1 |
| TOP OF THE 6TH |
|
Colorado Rockies batting - Pitching for San Francisco Giants : RHP Casey Jones
|
|
Batting: RHB Jason Andrews
|
0-0: Swinging Strike 0-1: Called Strike 0-2: Fly out, F6 (Line Drive, 6, EV 71.9 MPH)
|
|
Batting: SHB Chris Blue
|
0-0: Ball 1-0: Called Strike 1-1: DOUBLE (Flyball, 5D, EV 96.2 MPH)
|
|
Batting: RHB Rico Coss
|
0-0: Ground out 4-3 (Groundball, 4, EV 82.5 MPH) Chris Blue to third
|
|
Batting: LHB Robert Watson
|
0-0: Fly out, F8 (Flyball, 8LD, EV 88.1 MPH)
|
| Top of the 6th over - 0 runs, 1 hit, 0 errors, 1 left on base; Colorado 1 - San Francisco 1 |
| BOTTOM OF THE 6TH |
|
San Francisco Giants batting - Pitching for Colorado Rockies : RHP Trey Price
|
|
Batting: LHB Jack Henningar
|
0-0: SOLO HOME RUN (Flyball, 9D, EV 101.9 MPH), Distance : 399 ft
|
|
Batting: LHB Willis Robles
|
0-0: Ball 1-0: Called Strike 1-1: Fly out, F8 (Flyball, 8LD, EV 101.2 MPH)
|
|
Batting: RHB Jim Zucco
|
0-0: Ball 1-0: Ball 2-0: Fly out, F9 (Flyball, 9S, EV 88.8 MPH)
|
|
Batting: RHB Quintin Parker
|
0-0: Swinging Strike 0-1: Swinging Strike 0-2: Foul Ball, location: 2F 0-2: Strikes out swinging
|
| Bottom of the 6th over - 1 run, 1 hit, 0 errors, 0 left on base; Colorado 1 - San Francisco 2 |
| TOP OF THE 7TH |
|
Colorado Rockies batting - Pitching for San Francisco Giants : RHP Casey Jones
|
|
Batting: RHB Leo Mair
|
0-0: Foul Ball, location: 2F 0-1: Ball 1-1: Swinging Strike 1-2: Ball 2-2: Foul Ball, location: 2F 2-2: Foul Ball, location: 2F 2-2: Strikes out looking
|
|
Batting: RHB Dennis Daniels
|
0-0: Ball 1-0: Ball 2-0: Called Strike 2-1: Ball 3-1: Foul Ball, location: 2F 3-2: Foul Ball, location: 2F 3-2: Foul Ball, location: 2F 3-2: Strikes out looking
|
|
Batting: RHB Joel Haycock
|
0-0: Ball 1-0: Ball 2-0: Ball 3-0: Base on Balls
|
|
Pitching: RHP Nate Heideman
|
|
|
Batting: RHB Roberto Rodriguez
|
0-0: Swinging Strike 0-1: Ball 1-1: Foul Ball, location: 2F 1-2: Ball 2-2: Strikes out swinging
|
| Top of the 7th over - 0 runs, 0 hits, 0 errors, 1 left on base; Colorado 1 - San Francisco 2 |
| BOTTOM OF THE 7TH |
|
San Francisco Giants batting - Pitching for Colorado Rockies : RHP Trey Price
|
|
Batting: RHB Henri Cederberg
|
0-0: Called Strike 0-1: Foul Ball, location: 2F 0-2: Foul Ball, location: 2F 0-2: Foul Ball, location: 2F 0-2: Ball 1-2: Foul Ball, location: 2F 1-2: Ball 2-2: Ball 3-2: Base on Balls
|
|
Batting: RHB Xavier Castellanos
|
0-0: Ball 1-0: Ball 2-0: Sac Bunt to 5S - play at first, batter OUT! 5-4 Henri Cederberg to second
|
|
Pitching: RHP Jaden Mackey
|
|
|
Batting: SHB Bill Dooms
|
0-0: Called Strike 0-1: Ball 1-1: Fly out, F8 (Line Drive, 8RM, EV 101.9 MPH)
|
|
Batting: SHB Ryan Doss
|
0-0: Called Strike 0-1: Called Strike 0-2: Foul Ball, location: 2F 0-2: Foul Ball, location: 2F 0-2: Foul Ball, location: 2F 0-2: SINGLE (Groundball, 4D, EV 97.5 MPH) Henri Cederberg to third Runner from 3rd tries for Home, throw by CF and OUT! 8-2
|
| Bottom of the 7th over - 0 runs, 1 hit, 0 errors, 1 left on base; Colorado 1 - San Francisco 2 |
| TOP OF THE 8TH |
|
Colorado Rockies batting - Pitching for San Francisco Giants : RHP Nate Heideman
|
|
Batting: LHB Fabiano Perrolas
|
0-0: Foul Ball, location: 2F 0-1: Ball 1-1: SOLO HOME RUN (Flyball, 9D, EV 93.8 MPH), Distance : 373 ft
|
|
Batting: RHB Jason Andrews
|
0-0: Foul Ball, location: 2F 0-1: Ball 1-1: Swinging Strike 1-2: Ball 2-2: Foul Ball, location: 2F 2-2: Ball 3-2: Strikes out swinging
|
|
Batting: SHB Chris Blue
|
0-0: Ball 1-0: Ball 2-0: Called Strike 2-1: Ground out 6-3 (Groundball, 6, EV 80.0 MPH)
|
|
Batting: RHB Rico Coss
|
0-0: Ball 1-0: Foul Ball, location: 2F 1-1: Swinging Strike 1-2: Strikes out looking
|
| Top of the 8th over - 1 run, 1 hit, 0 errors, 0 left on base; Colorado 2 - San Francisco 2 |
| BOTTOM OF THE 8TH |
|
San Francisco Giants batting - Pitching for Colorado Rockies : RHP Jaden Mackey
|
|
Batting: RHB Nick Rigden
|
0-0: Called Strike 0-1: Foul Ball, location: 2F 0-2: Ball 1-2: Foul Ball, location: 2F 1-2: Strikes out swinging, 2-3 out at first.
|
|
Pitching: LHP Dave Burridge
|
|
|
Batting: LHB Jack Henningar
|
0-0: Called Strike 0-1: Swinging Strike 0-2: Strikes out swinging
|
|
Pinch Hitting: RHB Sean Zielinski
|
0-0: Swinging Strike 0-1: Ball 1-1: Ball 2-1: Called Strike 2-2: Ball 3-2: Strikes out swinging
|
| Bottom of the 8th over - 0 runs, 0 hits, 0 errors, 0 left on base; Colorado 2 - San Francisco 2 |
| TOP OF THE 9TH |
|
Colorado Rockies batting - Pitching for San Francisco Giants : RHP Nate Heideman
|
|
Pitching: RHP Borisz Barciniak
|
|
|
Now in LF: Ken Welch
|
|
|
Batting: LHB Robert Watson
|
0-0: Foul Ball, location: 2F 0-1: Foul Ball, location: 2F 0-2: Strikes out swinging
|
|
Pinch Hitting: LHB Jose Robles
|
0-0: Ball 1-0: Ball 2-0: Swinging Strike 2-1: Fly out, F9 (Flyball, 9, EV 90.6 MPH)
|
|
Pinch Hitting: LHB Chris Locklear
|
0-0: Ball 1-0: Ball 2-0: Ball 3-0: Called Strike 3-1: Foul Ball, location: 2F 3-2: Foul Ball, location: 2F 3-2: Fly out, F7 (Line Drive, 7, EV 95.0 MPH)
|
| Top of the 9th over - 0 runs, 0 hits, 0 errors, 0 left on base; Colorado 2 - San Francisco 2 |
| BOTTOM OF THE 9TH |
|
San Francisco Giants batting - Pitching for Colorado Rockies : LHP Dave Burridge
|
|
Pitching: LHP Ryan Fulford
|
|
|
Now at 2B: Sterling Acosta
|
|
|
Now at SS: Stephen Charbonneau
|
|
|
Batting: RHB Jim Zucco
|
0-0: Called Strike 0-1: Foul Ball, location: 2F 0-2: Ball 1-2: Ball 2-2: Ball 3-2: Strikes out swinging
|
|
Batting: RHB Quintin Parker
|
0-0: Ball 1-0: SOLO HOME RUN (Flyball, 7LD, EV 100.0 MPH), Distance : 348 ft
|
| Bottom of the 9th over - 1 run, 1 hit, 0 errors, 0 left on base; Colorado 2 - San Francisco 3 |
| |
|
Game Over ... San Francisco defeats Colorado, 3 to 2
|
|
|